 Dungeon Crawl Stone Soup version 0.26-a0-660-gc07710193c (webtiles) character file.

Game seed: 17656702870102710960

26576 grandjackal the Fighter (level 12, -1/99 HPs)
             Began as a Demonspawn Gladiator on Oct 6, 2020.
             Was the Champion of Okawaru.
             Slain by an orc warrior
             ... wielding a +0 trident
             ... led by an orc warlord
              (18 damage)
             ... on level 1 of the Orcish Mines.
             The game lasted 00:24:54 (18697 turns).

grandjackal the Fighter (Demonspawn Gladiator)     Turns: 18697, Time: 00:24:54

Health: -1/99      AC: 21    Str: 20    XL:     12   Next: 99%
Magic:  19/19      EV: 30    Int: 12    God:    Okawaru [******]
Gold:   1594       SH:  6    Dex: 18    Spells: 11/11 levels left

rFire    + + .     SeeInvis .   J - +3 Elemental Staff {rElec rF++ rC++ MR++ AC+5}
rCold    + + +     Faith    .   V - +0 buckler
rNeg     . . .     Spirit   .   F - +2 scale mail {rPois}
rPois    +         Reflect  .   b - +0 helmet {Int+3}
rElec    +         Harm     .   (no cloak)
rCorr    .         Rampage  .   Z - +0 pair of gloves {Dex+3}
MR       +++..                  (no boots)
Stlth    ..........             M - amulet of the acrobat
HPRegen  0.26/turn              R - ring of poison resistance
MPRegen  0.16/turn              u - ring of protection from magic

@: acrobat
A: hooves 1, icy blue scales 3, rot immunity
a: Heroism, Finesse, Renounce Religion


You were on level 1 of the Orcish Mines.
You worshipped Okawaru.
Okawaru was exalted by your worship.
You visited 2 branches of the dungeon, and saw 14 of its levels.

You collected 1594 gold pieces.

Inventory:

Hand Weapons
 a - a +0 long sword
 J - the +3 Elemental Staff (weapon) {rElec rF++ rC++ MR++ AC+5}
   (You found it on level 6 of the Dungeon)

   It affects your AC (+5).
   It greatly protects you from fire.
   It greatly protects you from cold.
   It insulates you from electricity.
   It affects your resistance to hostile enchantments.
Missiles
 d - 4 throwing nets (quivered)
Armour
 b - a +0 helmet of intelligence (worn)
 F - a +2 scale mail of poison resistance (worn)
 I - a +0 kite shield
 S - the cursed +1 ring mail of Honour {rF+ Regen+ Dex+3, unknown}
   (You found it on level 8 of the Dungeon)

   It affects your dexterity (+3).
   It protects you from fire.
   It increases your rate of regeneration.
   It has a curse placed upon it.
 T - the +1 leather armour "Loell" {rPois rF- rN+++ Dex-2, unknown}
   (You found it on level 8 of the Dungeon)

   It affects your dexterity (-2).
   It makes you vulnerable to fire.
   It protects you from poison.
   It renders you almost immune to negative energy.
 V - a +0 buckler (worn)
 Z - a +0 pair of gloves of dexterity (worn)
Jewellery
 m - an uncursed ring of ice
 u - a ring of protection from magic (right hand)
 M - an amulet of the acrobat (around neck)
 Q - an uncursed ring of protection from fire
 R - a ring of poison resistance (left hand)
 X - an uncursed amulet of regeneration
Wands
 A - a wand of polymorph (19)
 C - a wand of enslavement (11)
 D - a wand of random effects (7)
 L - a wand of iceblast (5)
 W - a wand of acid (10)
Scrolls
 e - a scroll of silence {unknown}
 i - 2 scrolls of magic mapping {unknown}
 j - 4 scrolls of teleportation
 k - 6 scrolls of fog {unknown}
 o - 2 scrolls of noise {unknown}
 r - 3 scrolls of enchant armour {unknown}
 t - a scroll of enchant weapon {unknown}
 v - 9 scrolls of remove curse {unknown}
 w - a scroll of amnesia {unknown}
 x - a scroll of random uselessness {unknown}
 y - 2 scrolls of blinking {unknown}
 H - 2 scrolls of immolation {unknown}
 O - a scroll of holy word {unknown}
Potions
 f - 2 potions of ambrosia
 g - a potion of haste
 l - a potion of magic
 n - 2 potions of cancellation
 q - 7 potions of curing
 s - 3 potions of lignification
 B - 2 potions of stabbing
 K - a potion of flight
 P - a potion of invisibility
 U - a potion of mutation


   Skills:
 + Level 10.7 Fighting
 - Level 5.2 Long Blades
 + Level 8.6 Staves
 - Level 1.7 Throwing
 - Level 7.6 Armour
 - Level 7.0 Dodging
 + Level 4.6 Shields
 - Level 10.5 Invocations
 + Level 7.8 Evocations


You had 11 spell levels left.
You didn't know any spells.
Your spell library contained the following spells:

 Spells                   Type           Power        Failure   Level
 Foxfire                  Conj/Fire      #...         63%         1
 Freeze                   Ice            #...         63%         1
 Ensorcelled Hibernation  Hex/Ice        #.....       77%         2
 Confusing Touch          Hex            #.......     94%         3
 Frozen Ramparts          Ice            #.....       94%         3
 Gell's Gravitas          Tloc           #.........   94%         3
 Inner Flame              Hex/Fire       #.......     94%         3
 Ozocubu's Armour         Ice            #.......     94%         3
 Cause Fear               Hex            #.........   100%        4
 Hailstorm                Conj/Ice       #.......     100%        4
 Petrify                  Tmut/Erth      #.......     100%        4
 Summon Ice Beast         Ice/Summ       #.......     100%        4
 Metabolic Englaciation   Hex/Ice        #.........   100%        5
 Yara's Violent Unravell  Hex/Tmut       #.........   100%        5
 Freezing Cloud           Conj/Ice/Air   #.........   100%        6
 Spellforged Servitor     Conj/Summ      #.........   100%        7


Dungeon Overview and Level Annotations

Branches:
Dungeon (12/15)            Temple (0/1) D:5            Lair (0/6) D:11
    Orc (2/2) D:12            Elf (0/3) Orc:2

Altars:
Cheibriados
Dithmenos
Kikubaaqudgha
Makhleb
Okawaru
Uskayaw
Vehumet
Zin
Beogh

Annotations:
D:12 4 transporters


Innate Abilities, Weirdness & Mutations

You have large cloven feet.
You are completely covered in icy blue scales. (AC +4, rC+)
You are immune to rotting.


Message History

You are too injured to fight recklessly!
You are too injured to fight recklessly!
Unknown command.
You are too injured to fight recklessly!
You hit the orc priest. Your kick misses the orc priest.
The orc priest is lightly wounded.
The orc warrior hits you but does no damage.
The orc priest calls down the wrath of Beogh upon you.
Beogh smites you!
* * * LOW HITPOINT WARNING * * *
The orc warrior misses you. The orc priest completely misses you.
You hit the orc priest but do no damage.
Your kick misses the orc priest.
The orc priest is lightly wounded.
You hit the orc priest. You freeze the orc priest!
You kill the orc priest!
Okawaru accepts your kill. The orc warrior completely misses you.
The orc warrior hits you from afar with a +0 trident!!
You die...

### #######.##
##.#......#
#........##
#........##
#.......>.###
#####......o...#
####.#........)..####
#.#...........[.@...##
.....................#
#.#......#...........#
#..........#........##
.....#..............#
...###...........#.##
..###............###
.## ##...........# ##
##.#.......##


You could see an orc warrior (strong).

Vanquished Creatures
  An ogre mage (D:12)
  Harold (D:8)
  Erica (D:9)
  A two-headed ogre (D:12)
  A boulder beetle (D:12)
  A centaur warrior (D:12)
  2 orc high priests (Orc:2)
  A wizard (D:11)
  5 orc knights
  A manticore (D:12)
  3 deep elf magi (D:12)
  4 orc sorcerers
  Maggie (D:8)
  A yaktaur (D:12)
  10 trolls
  3 slime creatures (D:12)
  A yak (D:11)
  6 wraiths
  3 wyverns
  2 humans (D:8)
  7 wargs
  Duvessa (D:4)
  3 water moccasins
  An eye of draining (D:11)
  3 sky beasts
  25 orc warriors
  A phantom (D:12)
  A black bear (D:11)
  3 ice beasts
  13 ogres
  4 centaurs
  An elf zombie (D:12)
  11 bullfrogs
  A wyvern zombie (D:11)
  A water moccasin zombie (D:5)
  Dowan (D:4)
  A wyvern skeleton (D:10)
  5 scorpions
  9 killer bees (D:9)
  9 wights
  An electric eel (D:6)
  2 howler monkeys (D:7)
  2 centaur zombies
  2 bullfrog zombies
  4 jellies
  2 hounds
  4 human zombies (D:12)
  19 orc priests
  3 centaur skeletons
  3 iguanas
  11 orc wizards
  Ijyb (D:4)
  A human skeleton (D:12)
  6 worker ants
  A hound zombie (D:8)
  4 gnolls (D:2)
  7 adders
  A shadow imp (D:9)
  3 white imps
  2 oozes
  2 dart slugs
  3 leopard geckos
  75 orcs
  8 giant cockroaches
  9 goblins
  13 hobgoblins
  9 jackals
  4 kobolds
  3 quokkas (D:3)
  3 ball pythons
  8 bats
  5 frilled lizards
  An orc skeleton (D:12)
  12 rats
384 creatures vanquished.

Vanquished Creatures (collateral kills)
  A wizard (D:11)
  An ugly thing (D:11)
2 creatures vanquished.

Vanquished Creatures (others)
  A bullfrog (D:12)
  An orc wizard (Orc:2)
  3 orcs
  39 fungi (D:11)
  50 plants (D:11)
94 creatures vanquished.

Grand Total: 480 creatures vanquished

Notes
Turn   | Place    | Note
-------+----------+-------------------------------------------
     0 | D:1      | grandjackal the Demonspawn Gladiator began the quest for
                  | the Orb.
     0 | D:1      | Reached XP level 1. HP: 16/16 MP: 1/1
   164 | D:1      | Gained mutation: You have large cloven feet. [demonic
                  | ancestry]
   164 | D:1      | Reached XP level 2. HP: 17/22 MP: 2/2
   849 | D:1      | Gained mutation: You are partially covered in icy blue
                  | scales. (AC +2) [demonic ancestry]
   849 | D:1      | Reached XP level 3. HP: 28/28 MP: 3/3
  1348 | D:2      | Reached XP level 4. HP: 28/34 MP: 4/4
  2408 | D:3      | Found a snail-covered altar of Cheibriados.
  2873 | D:3      | Reached XP level 5. HP: 37/41 MP: 5/5
  3603 | D:4      | Noticed Ijyb
  3614 | D:4      | Killed Ijyb
  3774 | D:4      | Noticed Duvessa
  3774 | D:4      | Noticed Dowan
  3784 | D:4      | Killed Duvessa
  3784 | D:4      | Reached XP level 6. HP: 31/48 MP: 6/6
  3797 | D:4      | Killed Dowan
  4255 | D:5      | Entered Level 5 of the Dungeon
  4354 | D:5      | Found a shadowy altar of Dithmenos.
  4422 | D:5      | Found an iron altar of Okawaru.
  4425 | D:5      | Found a burning altar of Makhleb.
  4428 | D:5      | Found an ancient bone altar of Kikubaaqudgha.
  4479 | D:5      | Found a staircase to the Ecumenical Temple.
  4486 | D:5      | Reached skill level 1 in Armour
  4486 | D:5      | Reached XP level 7. HP: 25/55 MP: 7/7
  4700 | D:5      | Became a worshipper of Warmaster Okawaru
  4765 | D:5      | Found a glowing silver altar of Zin.
  4766 | D:5      | Found a radiant altar of Vehumet.
  5051 | D:5      | Reached skill level 1 in Invocations
  5561 | D:6      | Reached skill level 5 in Fighting
  5561 | D:6      | Reached skill level 5 in Long Blades
  5561 | D:6      | Reached skill level 5 in Dodging
  5720 | D:6      | Reached * piety under Okawaru
  5810 | D:6      | Found the +3 Elemental Staff {rElec rF++ rC++ MR++ AC+5}
  5827 | D:6      | Gained mutation: You are mostly covered in icy blue scales.
                  | (AC +3) [demonic ancestry]
  5827 | D:6      | Reached XP level 8. HP: 46/62 MP: 8/10
  6355 | D:7      | Reached skill level 1 in Staves
  6759 | D:7      | Reached ** piety under Okawaru
  7241 | D:8      | Reached XP level 9. HP: 65/69 MP: 10/12
  7251 | D:8      | Reached skill level 5 in Invocations
  7630 | D:8      | Noticed Harold
  7630 | D:8      | Noticed Maggie
  7644 | D:8      | Killed Harold
  7644 | D:8      | Reached *** piety under Okawaru
  7649 | D:8      | Killed Maggie
  7690 | D:8      | Found an iron altar of Okawaru.
  8014 | D:8      | Got a warped ring mail
  8030 | D:8      | Reached **** piety under Okawaru
  8030 | D:8      | Reached skill level 5 in Armour
  8121 | D:8      | Got a steaming leather armour
  8533 | D:9      | Gained mutation: You are completely covered in icy blue
                  | scales. (AC +4, rC+) [demonic ancestry]
  8533 | D:9      | Reached XP level 10. HP: 37/79 MP: 15/15
  9218 | D:8      | Received a gift from Okawaru
  9218 | D:8      | Reached skill level 1 in Evocations
  9584 | D:9      | Noticed Erica
  9608 | D:9      | Killed Erica
  9941 | D:9      | Reached skill level 5 in Staves
  9960 | D:9      | Reached ***** piety under Okawaru
 10535 | D:10     | Entered Level 10 of the Dungeon
 10827 | D:10     | Found a hide-covered altar of Uskayaw.
 11614 | D:11     | Reached XP level 11. HP: 63/87 MP: 17/17
 11668 | D:11     | Received a gift from Okawaru
 12139 | D:11     | Noticed a deep elf mage
 12140 | D:11     | Noticed a deep elf mage
 12141 | D:11     | Noticed a swamp dragon
 12141 | D:11     | a deep elf mage changed into a swamp dragon
 12152 | D:11     | Identified Feclu's Compendium of Axaxaxas mlö
 12154 | D:11     | Noticed a wizard
 12157 | D:11     | Noticed a brown ugly thing
 12160 | D:11     | Killed a wizard
 12163 | D:11     | Killed a brown ugly thing
 12171 | D:11     | Noticed a wizard
 12175 | D:11     | Killed a wizard
 12179 | D:11     | Identified Ts'ui Pên's Volume of Forking Paths
 12186 | D:11     | Identified the Incunabulum of Dhcmrlchtdj
 12324 | D:11     | Found a staircase to the Lair.
 12635 | D:12     | Killed a deep elf mage
 13071 | D:12     | Noticed a deep elf mage
 13251 | D:12     | Noticed a boulder beetle
 13287 | D:12     | Killed a boulder beetle
 13295 | D:12     | Killed a deep elf mage
 13295 | D:12     | Reached skill level 5 in Evocations
 13296 | D:12     | Noticed a two-headed ogre
 13305 | D:11     | Reached skill level 10 in Invocations
 13821 | D:12     | Killed a two-headed ogre
 14034 | D:12     | Found a transporter.
 14048 | D:12     | Found a transporter.
 14048 | D:12     | Found a transporter.
 14048 | D:12     | Noticed a boulder beetle
 14135 | D:12     | Found a transporter.
 14168 | D:12     | Found a transporter.
 14168 | D:12     | Noticed a deep elf mage
 14279 | D:12     | Found a staircase to the Orcish Mines.
 14292 | D:12     | Reached ****** piety under Okawaru
 14292 | D:12     | Received a gift from Okawaru
 14916 | D:12     | Found an ancient bone altar of Kikubaaqudgha.
 14996 | D:12     | Noticed a centaur warrior
 14998 | D:12     | Noticed an ogre mage
 15044 | D:12     | Noticed a boulder beetle
 15069 | D:12     | Killed an ogre mage
 15069 | D:12     | Gained mutation: You are immune to rotting. [demonic
                  | ancestry]
 15069 | D:12     | Reached XP level 12. HP: 52/96 MP: 13/19
 15074 | D:12     | Reached skill level 1 in Shields
 15095 | D:12     | Killed a centaur warrior
 15527 | Orc:1    | Entered Level 1 of the Orcish Mines
 16071 | Orc:1    | Reached skill level 10 in Fighting
 16581 | Orc:2    | Entered Level 2 of the Orcish Mines
 16859 | Orc:2    | Found a staircase to the Elven Halls.
 16875 | Orc:2    | Found a roughly hewn altar of Beogh.
 17483 | Orc:1    | Noticed an orc high priest
 17628 | Orc:2    | Killed an orc high priest
 17644 | Orc:1    | Received a gift from Okawaru
 18104 | Orc:2    | Noticed an orc high priest
 18647 | Orc:2    | Noticed an orc warlord
 18651 | Orc:2    | Killed an orc high priest
 18697 | Orc:1    | Slain by an orc warrior

Illustrated notes

Levels and vault maps discovered:
D:1:      matt_arrival_debris, layout_basic, minmay_pentomino_r2
D:2:      layout_basic
D:3:      layout_loops_cross, lemuel_doored_altar, minmay_cupped
D:4:      layout_rooms, grunt_decor_cap, minmay_hedge_maze, uniq_ijyb,
          uniq_duvessa
D:5:      layout_loops_ring, kennysheep_little_box,
          grunt_temple_overflow_diamond,
          chequers_temple_overflow_statue_of_worship, minmay_temple_entry_wispy
D:6:      layout_cave_pools, kennysheep_donut, minmay_checkerbox
D:7:      layout_basic
D:8:      layout_basic, okawaru_humans, uniq_harold, uniq_maggie
D:9:      layout_rooms, uniq_erica
D:10:     layout_rooms, basic_altar, eino_tiny_chamber
D:11:     layout_loops_ring, due_lair_maze_entry_diamond,
          bh_hangedman_babel_library
D:12:     gammafunk_the_bubble [the_bubble_gammafunk_roulette],
          layout_small_grid, minmay_orc_entry_guard_dogs,
          lemuel_mausoleum_altar_kikubaaqudgha
Orc:1:    layout_diamond_mine
Orc:2:    grunt_orc_cross, layout_caves, minmay_orc_temple_a

Skill      XL: |  1  2  3  4  5  6  7  8  9 10 11 12 |
---------------+-------------------------------------+-----
Dodging        | 3 4 5 6 7 |  7.0
Long Blades    | 3 4 5 |  5.2
Fighting       | 3 4 5 6 7 8 9 10 | 10.7
Armour         | 1 2 3 5 6 7 |  7.6
Invocations    | 2 4 7 8 10 | 10.5
Staves         | 2 4 5 7 8 |  8.6
Evocations     | 3 5 7 |  7.8
Shields        | 4 |  4.6
Throwing       | |  1.7

Action                   |  1- 3 |  4- 6 |  7- 9 | 10-12 || total
-------------------------+-------+-------+-------+-------++-------
Melee: Long sword        |    88 |   166 |   148 |    36 ||   438
       Kick              |    20 |    57 |   143 |   426 ||   646
       Staff             |       |       |   279 |   997 ||  1276
Throw: Throwing net      |       |       |       |    10 ||    10
Invok: Heroism           |       |       |     2 |     3 ||     5
       Finesse           |       |       |       |     1 ||     1
Evoke: Wand              |       |     2 |     4 |    15 ||    21
  Use: Scroll            |       |     2 |       |    16 ||    18
       Potion            |       |       |     2 |     5 ||     7
 Stab: Held in net/web   |       |       |       |     5 ||     5
       Invisible         |       |       |       |     9 ||     9
Armor: Leather armour    |    33 |    43 |       |       ||    76
       Scale mail        |       |     4 |   210 |   433 ||   647
Dodge: Dodged            |    60 |   105 |   250 |   688 ||  1103
Block: Buckler           |       |       |       |   102 ||   102
       Rpst.: Long sword |    17 |    34 |    30 |    17 ||    98

Table legend: (Time is in decaauts)
 A = Elapsed time spent in this place.
 B = Non-inter-level travel time spent in this place.
 C = Inter-level travel time spent in this place.
 D = Time resting spent in this place.
 E = Time spent auto-exploring this place.
 F = Levels seen in this place.
 G = Mean time per level.
                   A        B        C        D        E       F      G
               +--------+--------+--------+--------+--------+-----+--------+
         Total |  18689 |  18178 |    511 |   8135 |   6127 |  14 | 1334.9 |
       Dungeon |  16038 |  15548 |    490 |   6971 |   5726 |  12 | 1336.5 |
  Orcish Mines |   2651 |   2630 |     21 |   1164 |    401 |   2 | 1325.5 |
               +--------+--------+--------+--------+--------+-----+--------+

Top non-repeatable levels by time:
    D:12: 3222 daAuts
     D:8: 2108 daAuts
   Orc:2: 1859 daAuts
     D:9: 1490 daAuts
     D:5: 1289 daAuts
     D:1: 1246 daAuts
    D:11: 1240 daAuts
     D:3: 1084 daAuts
     D:2: 1047 daAuts
     D:4: 930 daAuts
     D:7: 866 daAuts
    D:10: 805 daAuts
   Orc:1: 791 daAuts
     D:6: 706 daAuts
